AoeStats
← TheLegendJTL

Arena

505841526Analyzed
1v1 RM · 19d ago on Sep 11, 2026· 83m 38s· 2 players
Game mode
Random Map
Map size
Tiny (2 player)
Population
200
Speed
Normal
Resources
Standard
Victory
Conquest
Starting age
Dark Age
Ending age
Imperial Age
RankedLock teamsTeams togetherTeam positionsShared explorationLock speedFull tech treeHidden civsTurbo modeCheats
Victory
Defeat
🇺🇸 Japanese · United States
104
+23
🇺🇸 Persians · United States
263
-23
TheLegendJTL
13:51 Feudal Age
15:12 Wheelbarrow
15:18 Double-Bit Axe
15:20 Horse Collar
22:44 Man-at-Arms
24:46 Scale Mail Armor
24:59 Forging
25:17 Arson
33:31 Castle Age
34:30 Chain Mail Armor
34:51 Iron Casting
33:41 Long Swordsman
34:25 Squires
34:37 Heavy Plow
34:53 Bow Saw
35:06 Pikeman
35:34 Gambesons
35:56 Stone Mining
36:37 Gold Mining
39:49 Fortified Wall
40:03 Ballistics
39:52 Murder Holes
39:49 Guard Tower
41:07 Gold Shaft Mining
42:39 Padded Archer Armor
42:30 Fletching
47:14 Imperial Age
45:46 Hand Cart
47:26 Halberdier
48:22 Yasama
49:12 Conscription
50:36 Arrowslits
52:32 Plate Mail Armor
53:04 Blast Furnace
51:39 Two-Handed Swordsman
56:01 Elite Samurai
57:50 Town Watch
58:49 Hoardings
58:42 Kataparuto
58:29 Bodkin Arrow
58:51 Leather Archer Armor
61:07 Chemistry
68:59 Champion
74:56 Thumb Ring
Mantis
10:26 Feudal Age
8:46 Loom
11:39 Wheelbarrow
12:38 Horse Collar
17:12 Bloodlines
21:55 Castle Age
21:13 Double-Bit Axe
25:38 Hand Cart
25:20 Gold Mining
25:55 Town Watch
26:29 Husbandry
26:39 Scale Barding Armor
30:13 Bow Saw
31:25 Town Patrol
35:31 Parthian Tactics
35:43 Thumb Ring
38:03 Heavy Plow
38:38 Ballistics
43:56 Imperial Age
43:15 Devotion
43:44 Cavalier
44:09 Heavy Cavalry Archer
45:45 Chain Barding Armor
45:28 Padded Archer Armor
48:55 Hoardings
49:21 Gold Shaft Mining
50:30 Savar
51:17 Fletching
55:46 Crop Rotation
56:10 Leather Archer Armor
56:07 Forging
56:01 Bodkin Arrow
56:43 Plate Barding Armor
56:34 Conscription
59:04 Citadels
59:08 Pikeman
66:32 Iron Casting
73:49 Two-Man Saw
75:31 Blast Furnace
74:34 Scale Mail Armor
Connection lost

Rejoining the realm…

Still unreachable

The connection could not be restored.

Session expired

The server has moved on; the page needs a fresh start.